 Dungeon Crawl Stone Soup version 0.28-a0-1143-gcf6077d4cc (webtiles) character file.

Game seed: 7818060737700040207

14809 tilp the Destroyer (level 11, -3/48 HPs)
             Began as a Felid Ice Elementalist on Dec 12, 2021.
             Was an Elder of Ru.
             Slain by an orc warrior (11 damage)
             ... while paralysed by an orc sorcerer
             ... on level 2 of the Orcish Mines on Dec 13, 2021.
             The game lasted 00:54:14 (27267 turns).

tilp the Destroyer (Felid Ice Elementalist)        Turns: 27267, Time: 00:54:14

Health: -3/48      AC:  7    Str:  4    XL:     11   Next: 93%
Magic:  4/22       EV:  4    Int: 27    God:    Ru [****..]
Gold:   746        SH:  0    Dex: 17    Spells: 1/24 levels left
                                        Lives:  0   Deaths: 2

rFire   . . .      SeeInvis +     - Unarmed
rCold   + . .      Faith    .   (shield unavailable)
rNeg    . . .      Spirit   .   (armour unavailable)
rPois   .          Reflect  .   (helmet unavailable)
rElec   .          Harm     .   (cloak unavailable)
rCorr   .          Rampage  .   (gloves unavailable)
Will    +....                   (boots unavailable)
Stlth   ++++......              d - amulet of regeneration
HPRegen 0.96/turn               w - +4 ring of protection
MPRegen 0.18/turn               s - +6 ring of intelligence

@: paralysed, exhausted, quick
A: very small, claws 1, fangs 3, see invisible, speed 1, shaggy fur 3, inability
to use devices, no fire magic, no summoning magic, no transmutations magic,
stealthy paws, missing an eye, no weapons or thrown items, no armour,
multi-lived
a: Renounce Religion, Draw Out Power, Power Leap


You were on level 2 of the Orcish Mines.
You worshipped Ru.
Ru was greatly pleased with you.
You visited 4 branches of the dungeon, and saw 20 of its levels.
You also visited: Ossuary and Ice Cave.

You collected 1330 gold pieces.
You spent 584 gold pieces at shops.

Inventory:

Jewellery
 d - an amulet of regeneration (around neck)
 f - a ring of protection from fire
 i - a ring of protection from fire
 n - a ring of protection from cold
 s - a +6 ring of intelligence (right paw)
 t - a ring of wizardry
 w - a +4 ring of protection (left paw)
 y - a ring of magical power
 B - a ring of willpower
 D - a ring of wizardry
Scrolls
 b - 4 scrolls of identify
 c - a scroll of amnesia
 e - a scroll of blinking
 k - 3 scrolls of vulnerability
 l - 2 scrolls of fear
 m - a scroll of holy word
 q - 4 scrolls of teleportation
 u - 6 scrolls of immolation
 x - 2 scrolls of fog
Potions
 a - 12 potions of curing
 g - 2 potions of haste
 h - 2 potions of mutation
 j - 6 potions of lignification
 o - a potion of cancellation
 p - 4 potions of attraction
 r - 4 potions of heal wounds
 v - a potion of brilliance
 z - a potion of flight
 A - 2 potions of might
 C - a potion of invisibility


   Skills:
 - Level 6.0 Fighting
 - Level 8.0 Dodging
 - Level 8.0 Stealth
 - Level 8.0 Unarmed Combat
 + Level 7.2 Spellcasting
 * Level 11.4 Conjurations
 - Level 6.0 Hexes
 - Level 6.0 Translocations
 * Level 11.4 Ice Magic


You had one spell level left.
You knew the following spells:

 Your Spells              Type           Power      Damage    Failure   Level
a - Freeze                Ice            100%       1d11      1%          1
b - Frozen Ramparts       Ice            100%       1d12      1%          3
c - Ozocubu's Armour      Ice            64%        N/A       1%          3
d - Hailstorm             Conj/Ice       64%        3d14      1%          4
e - Iskenderun's Mystic   Conj/Tloc      54%        2d12      1%          4
f - Dazzling Flash        Conj/Hex       100%       N/A       1%          3
g - Tukima's Dance        Hex            42%        N/A       1%          3
h - Blink                 Tloc           84%        N/A       1%          2

Your spell library contained the following spells:

 Spells                   Type           Power      Damage    Failure   Level
 Lesser Beckoning         Tloc           42%        N/A       1%          3
 Passage of Golubria      Tloc           42%        N/A       4%          4
 Manifold Assault         Tloc           42%        N/A       14%         5
 Orb of Destruction       Conj           32%        9d12      41%         7
 Ozocubu's Refrigeration  Ice            32%        4d11      41%         7
 Summon Guardian Golem    Hex/Summ       Unusable   N/A       N/A         3
 Summon Ice Beast         Ice/Summ       Unusable   N/A       N/A         4
 Summon Mana Viper        Hex/Summ       Unusable   N/A       N/A         5
 Yara's Violent Unravell  Hex/Tmut       Unusable   3d7       N/A         5
 Starburst                Conj/Fire      Unusable   6d7       N/A         6
 Spellforged Servitor     Conj/Summ      Unusable   N/A       N/A         7
 Monstrous Menagerie      Summ           Unusable   N/A       N/A         7

Dungeon Overview and Level Annotations

Branches:
Dungeon (11/15)            Temple (1/1) D:5            Lair (6/6) D:9
 Spider (0/4) Lair:3        Slime (0/5) Lair:6          Orc (2/2) D:11
Ossuary (visited)           IceCv (visited)
  Swamp: Lair:2-4    Shoals: Lair:2-4       Elf: Orc:2

Altars:
Ashenzari
Cheibriados
Dithmenos
Elyvilon
Fedhas
Gozag
Hepliaklqana
Kikubaaqudgha
Makhleb
Nemelex Xobeh
Okawaru
Qazlal
Ru
Sif Muna
Trog
Uskayaw
Vehumet
Wu Jian
Xom
Yredelemnul
Zin
The Shining One

Shops:
D:4 !=!!

Annotations:
D:7 Harold
D:9 Erica, Erolcha
D:10 exclusion: upstairs, Gastronok
Lair:2 exclusions: bog body and boulder beetle
Lair:3 exclusion: orb spider
Lair:6 (not done), Kirke, Nessos


Innate Abilities, Weirdness & Mutations

You have sharp claws.
You have razor-sharp teeth.
You have supernaturally acute eyesight. (SInv)
You cover ground quickly. (Speed+)
Your thick and shaggy fur keeps you warm. (AC +3, rC+)
You cannot study or use magical devices.
You cannot study or cast Fire magic.
You cannot study or cast Summoning magic.
You cannot study or cast Transmutations magic.
Your paws help you pounce on unaware monsters.
You are missing an eye, making it more difficult to aim.
You are incapable of wielding weapons or throwing items.
You cannot wear armour.
You gain extra lives every three experience levels.


Message History

The hail pelts the orc warrior!!
The orc warrior is severely wounded.
The warg misses you.
The orc sorcerer begins to cast a spell, but is stunned by your conviction!
Unknown command.
Unknown command.
Unknown command.
Unknown command.
Unknown command.
The orc priest looks braver for a moment.
The orc priest looks encouraged for a moment.
The warg barely misses you.
The orc priest casts a cantrip, but nothing happens.
The orc sorcerer points at you and mumbles some strange words.
The bolt of negative energy misses you.
You see here 27 gold pieces.
The warg completely misses you.
There is a stone staircase leading up here.
The orc sorcerer casts a spell at you.
You suddenly lose the ability to move!
The warg bites you. The warg bites you. The warg bites you!
The orc priest looks braver for a moment.
The warg bites you.
You focus your inner power and illuminate the warg in retribution!
The orc sorcerer shouts, "You are history!"
The orc sorcerer hits you with a +0 dagger.
* * * LOW HITPOINT WARNING * * *
You focus your inner power and illuminate the orc sorcerer in retribution!
The warg bites you.
* * * LOW HITPOINT WARNING * * *
You redirect the orc warrior's attack!
The orc warrior hits the orc wizard with a +0 war axe!
The orc warrior barely misses you.
The orc sorcerer hits you with a +0 dagger.
* * * LOW HITPOINT WARNING * * *
The warg bites you!
* * * LOW HITPOINT WARNING * * *
The orc warrior hits you with a +0 war axe!
You die...

#...........##
#...........#
#............###
#..............##
....##.#........##
.....#.##.........##
......#####.........#
.........#.#..o...<.##
........###...h@...##
#.............oo..##
#.......$.o...o###
#........o....#
#.......o..###
##...o.oo.##
#....o....#.#
##..o........#
..##.o)o)........#


You could see a warg (corona), an orc sorcerer (corona), 2 orc warriors, 2 orc
priests, 2 orc wizards and 4 orcs.

Vanquished Creatures
  Jorgrun (Orc:1)
  Josephine (Lair:4)
  2 boulder beetles (Lair:5)
  2 hydras
  A catoblepas (Lair:3)
  4 two-headed ogres
  A bog body (Lair:2)
  An orc sorcerer (Orc:2)
  12 elephants (Lair:5)
  3 black mambas
  2 rime drakes (Lair:5)
  An unseen horror (D:6)
  8 cane toads
  5 ice devils (IceCv)
  A freezing wraith (IceCv)
  A tengu conjurer (D:10)
  2 komodo dragons
  2 anaconda simulacra (IceCv)
  4 trolls
  3 blink frogs (Lair:5)
  5 wraiths
  3 wyverns
  Sigmund (D:3)
  A vampire (D:10)
  A steam dragon (D:9)
  19 yaks
  3 death yak simulacra (IceCv)
  A basilisk (Lair:3)
  4 vampire mosquitoes
  A swamp worm (Lair:2)
  2 water moccasins (Lair:3)
  A swamp drake (D:11)
  2 ice beasts
  A hornet zombie (D:6)
  6 orc warriors
  A necrophage (D:4)
  An ogre (Orc:2)
  11 wolves
  5 centaurs
  A phantom (D:6)
  A kobold brigand (D:10)
  12 bullfrogs
  A gnoll sergeant (D:10)
  17 scorpions
  2 cane toad simulacra (IceCv)
  A two-headed ogre simulacrum (IceCv)
  A wyvern skeleton (D:7)
  7 killer bees (D:9)
  7 wights (D:7)
  A howler monkey (D:10)
  A crimson imp (D:8)
  9 centaur zombies
  A bullfrog zombie (D:6)
  A human zombie (Ossuary)
  2 centaur skeletons
  4 hounds
  2 bullfrog skeletons (D:5)
  2 gnoll shamans
  9 orc priests
  5 iguanas
  11 orc wizards
  5 scorpion zombies
  2 spriggan simulacra (IceCv)
  A polar bear simulacrum (IceCv)
  2 troll simulacra (IceCv)
  A wolf simulacrum (IceCv)
  A hound zombie (D:5)
  4 mummies
  3 howler monkey zombies
  4 adders
  12 gnolls
  2 naga simulacra (IceCv)
  A shadow imp (D:7)
  8 white imps
  3 ufetubi (IceCv)
  2 worms
  3 dart slugs
  40 orcs
  8 ball pythons
  6 endoplasms
  4 giant cockroaches
  8 goblins
  9 hobgoblins
  6 jackals (D:3)
  A quokka (D:3)
  7 bats
  8 frilled lizards
  A gnoll zombie (Ossuary)
  3 goblin zombies (Ossuary)
  3 hobgoblin zombies
  4 kobolds
  2 kobold zombies (Ossuary)
  5 orc zombies (Ossuary)
  3 rats
396 creatures vanquished.

Vanquished Creatures (others)
  2 dancing weapons (D:11)
  An ogre (D:11)
  A bush (D:10)
  11 fungi
  46 plants
61 creatures vanquished.

Grand Total: 457 creatures vanquished

Notes
Turn   | Place    | Note
-------+----------+-------------------------------------------
     0 | D:1      | tilp the Felid Ice Elementalist began the quest for the
                  | Orb.
     0 | D:1      | Reached XP level 1. HP: 7/7 MP: 4/4
    68 | D:1      | Reached skill level 1 in Unarmed Combat
   163 | D:1      | Reached XP level 2. HP: 11/11 MP: 3/6
   286 | D:1      | Found a faded altar of an unknown god.
   795 | D:1      | Reached XP level 3. HP: 13/14 MP: 5/7
   800 | D:1      | Learned a level 3 spell: Frozen Ramparts
  1852 | D:3      | Noticed Sigmund
  1940 | D:3      | Reached XP level 4. HP: 18/18 MP: 2/8
  1960 | D:3      | Learned a level 3 spell: Ozocubu's Armour
  2626 | D:3      | Found a bloodstained altar of Trog.
  2639 | D:3      | Reached XP level 5. HP: 21/21 MP: 6/10
  2689 | D:3      | Reached skill level 5 in Ice Magic
  3435 | D:4      | Found an ancient bone altar of Kikubaaqudgha.
  3510 | D:4      | Gained mutation: You are covered in thick fur. (AC +2)
                  | [Felid growth]
  3510 | D:4      | Reached XP level 6. HP: 24/24 MP: 4/12
  3582 | D:4      | Found Doho's Jewellery Shop.
  3583 | D:4      | Found Beohyrr's Distillery.
  3592 | D:4      | Found Pazunn's Distillery.
  3592 | D:4      | Found Baatad's Distillery.
  3671 | D:4      | Found a sand-covered staircase.
  3702 | Ossuary  | Entered an ossuary
  3880 | Ossuary  | Learned a level 4 spell: Hailstorm
  4030 | Ossuary  | Reached XP level 7. HP: 23/28 MP: 10/14
  4056 | Ossuary  | Reached skill level 1 in Fighting
  4326 | Ossuary  | Reached skill level 5 in Stealth
  4499 | Ossuary  | Reached XP level 8. HP: 33/33 MP: 7/15
  4500 | Ossuary  | Reached skill level 1 in Conjurations
  5624 | D:4      | Bought a potion of heal wounds for 60 gold pieces
  5627 | D:4      | Bought a potion of attraction for 33 gold pieces
  5645 | D:5      | Entered Level 5 of the Dungeon
  5795 | D:4      | Bought a potion of degeneration for 11 gold pieces
  6175 | D:5      | Found a staircase to the Ecumenical Temple.
  6184 | Temple   | Entered the Ecumenical Temple
  6407 | Temple   | Became a worshipper of Ru the Awakened
  7066 | D:6      | Reached skill level 5 in Spellcasting
  7078 | D:6      | Found an iron altar of Okawaru.
  7325 | D:6      | Found a large runed translucent door.
  7325 | D:6      | Found a large runed translucent door.
  7360 | D:6      | Found a large runed translucent door.
  7360 | D:6      | Found a large runed translucent door.
  7406 | D:6      | Reached XP level 9. HP: 36/36 MP: 17/17
  7456 | D:6      | Identified the +8 flail "Barel" {venom, Will+}
  7539 | D:6      | Gained mutation: You cannot study or use magical devices.
                  | [Ru sacrifice]
  7539 | D:6      | Reached * piety under Ru
  7539 | D:6      | Reached ** piety under Ru
  7727 | D:6      | Reached skill level 5 in Conjurations
  7730 | D:6      | Noticed an unseen horror
  7737 | D:6      | Killed an unseen horror
  8008 | D:4      | Bought a potion of might for 48 gold pieces
  8448 | D:7      | Noticed Harold
  9794 | D:8      | Noticed a two-headed ogre
  9809 | D:8      | Killed a two-headed ogre
  9863 | D:8      | Reached XP level 10. HP: 40/40 MP: 9/20
 10578 | D:9      | Found a staircase to the Lair.
 10584 | D:9      | Learned a level 4 spell: Iskenderun's Mystic Blast
 10588 | D:9      | Learned a level 3 spell: Dazzling Flash
 10592 | D:9      | Learned a level 3 spell: Tukima's Dance
 10902 | D:9      | Noticed Erica
 11188 | D:9      | Reached skill level 5 in Unarmed Combat
 11236 | D:9      | Noticed Erolcha
 11290 | D:9      | Reached skill level 5 in Dodging
 11300 | D:9      | Gained mutation: You cannot study or cast Fire magic. [Ru
                  | sacrifice]
 11300 | D:9      | Gained mutation: You cannot study or cast Transmutations
                  | magic. [Ru sacrifice]
 11300 | D:9      | Gained mutation: You cannot study or cast Summoning magic.
                  | [Ru sacrifice]
 11300 | D:9      | Reached *** piety under Ru
 11930 | D:10     | Entered Level 10 of the Dungeon
 11941 | D:10     | Noticed a two-headed ogre
 11979 | D:10     | Killed a two-headed ogre
 12623 | D:10     | Reached skill level 1 in Hexes
 12623 | D:10     | Reached skill level 1 in Translocations
 13194 | D:10     | Noticed Gastronok
 13250 | D:10     | HP: 2/42 [centaur warrior zombie (2)]
 13255 | D:10     | Reached XP level 11. HP: 29/46 MP: 21/21
 14747 | D:11     | Noticed a two-headed ogre
 14814 | D:11     | Killed a two-headed ogre
 15201 | D:11     | Reached skill level 5 in Hexes
 15270 | D:11     | Found a glowing silver altar of Zin.
 15283 | D:11     | Noticed a boulder beetle
 15974 | D:11     | Found a staircase to the Orcish Mines.
 15975 | D:11     | Noticed a four-headed hydra
 16010 | D:11     | Killed a four-headed hydra
 16011 | D:11     | Reached skill level 5 in Translocations
 16882 | D:4      | Bought a +4 ring of protection for 432 gold pieces
 16919 | D:3      | Killed Sigmund
 17204 | Lair:1   | Entered Level 1 of the Lair of Beasts
 17272 | Lair:1   | Found a frozen archway.
 17311 | IceCv    | Entered an ice cave
 19576 | IceCv    | Noticed a reaper
 19828 | Lair:1   | Gained mutation: Your thick and shaggy fur keeps you warm.
                  | (AC +3, rC+) [Felid growth]
 19828 | Lair:1   | Reached XP level 12. HP: 25/49 MP: 12/22
 19937 | Lair:1   | Noticed a five-headed hydra
 19949 | Lair:1   | Killed a five-headed hydra
 19950 | Lair:1   | Reached skill level 10 in Conjurations
 19950 | Lair:1   | Reached skill level 10 in Ice Magic
 20567 | Lair:1   | Learned a level 2 spell: Blink
 21023 | Lair:2   | Found a hide-covered altar of Uskayaw.
 21023 | Lair:2   | Found an ornate altar of the Wu Jian Council.
 21023 | Lair:2   | Noticed a boulder beetle
 21831 | Lair:3   | Noticed a catoblepas
 21878 | Lair:3   | Killed a catoblepas
 21879 | Lair:3   | Reached skill level 5 in Fighting
 21888 | Lair:3   | Succumbed to a cane toad's poison
 21889 | Lair:3   | Reached XP level 11. HP: -2/47 MP: 0/21
 22079 | Lair:3   | Found a hole to the Spider Nest.
 22079 | Lair:3   | Noticed an orb spider
 22724 | Lair:4   | Gained mutation: You are missing an eye, making it more
                  | difficult to aim. [Ru sacrifice]
 22724 | Lair:4   | Reached **** piety under Ru
 22974 | Lair:4   | Noticed Josephine
 23848 | Lair:4   | Killed Josephine
 24517 | Lair:5   | Noticed a boulder beetle
 24535 | Lair:5   | Killed a boulder beetle
 24959 | Lair:5   | Reached XP level 12. HP: 51/52 MP: 7/22
 25620 | Lair:5   | Noticed a boulder beetle
 25797 | Lair:5   | Killed a boulder beetle
 26200 | Lair:5   | Upgraded the game from 0.28-a0-1130-gc51a68064b to
                  | 0.28-a0-1143-gcf6077d4cc
 26240 | Lair:6   | Entered Level 6 of the Lair of Beasts
 26240 | Lair:6   | Noticed Nessos
 26240 | Lair:6   | Found a staircase to the Slime Pits.
 26265 | Lair:6   | Noticed Kirke
 26453 | D:10     | Noticed a two-headed ogre
 26459 | D:10     | Killed a two-headed ogre
 26605 | Orc:1    | Entered Level 1 of the Orcish Mines
 26606 | Orc:1    | Noticed Jorgrun
 26622 | Orc:1    | Killed from afar by Jorgrun
 26623 | Orc:1    | Reached XP level 11. HP: -8/48 MP: 5/22
 26633 | Orc:1    | Killed Jorgrun
 26865 | Orc:2    | Entered Level 2 of the Orcish Mines
 26999 | Orc:1    | You fall into a shaft and drop 1 floor!
 27242 | Orc:2    | Noticed an orc sorcerer
 27248 | Orc:2    | Noticed an orc sorcerer
 27254 | Orc:2    | Killed an orc sorcerer
 27263 | Orc:2    | Paralysed by an orc sorcerer for 5 turns
 27267 | Orc:2    | Slain by an orc warrior

Illustrated notes

Levels and vault maps discovered:
D:1:      mrwooster_arrival_statue_2, layout_basic,
          shapermc_ecumenical_altar_ellora, moated_statue
D:2:      layout_basic, chequers_hall_statues_y
D:3:      layout_loops_ring, lightli_temple_of_fire, uniq_sigmund
D:4:      layout_basic, mainiacjoe_overflow_chevrons,
          nicolae_ossuary_entry_giza, minmay_shop_grid_forest,
          hangedman_abyss_or_decor_slice
D:5:      layout_gridville, lemuel_temple_firewalk_b, kennysheep_generic_room_11
D:6:      layout_basic, lemuel_round_altar, minmay_hollow_rounded_squares
D:7:      layout_rooms, palyth_stone_intersect, uniq_harold
D:8:      layout_rooms, minmay_fire_ice_demons
D:9:      layout_irregular_city, lair_entry_dummy, minmay_large_rounded_square,
          hangedman_decor_peaks_small, uniq_erolcha, uniq_erica
D:10:     wad_woods_structure_01, layout_gridville, serial_glass,
          glass_columns_c, glass_columns_a, minmay_tree_intersection,
          uniq_gastronok
D:11:     layout_grid_maze, erik_orc_1, zin_academy
Temple:   mainiacjoe_temple_bowtie_tessellation
Lair:1:   layout_chaotic_city, portal_ice_cave_entry_pillars_2
Lair:2:   layout_chaotic_city, nicolae_swamp_entry_splash_gauntlet,
          minmay_holes, nzn_masters_of_martial_movement
Lair:3:   layout_gridlike, nicolae_spider_entry_orb_guardian,
          beast_lair_carwin_9
Lair:4:   layout_regular_city, lemuel_fruit_tree, uniq_josephine
Lair:5:   layout_long_grid, serial_bayou_pond_a, nzn_sisyphean_effort
Lair:6:   evil_forest, layout_cave_pods, slime_dummy, guppyfry_lair_drakes,
          uniq_nessos, uniq_kirke
Orc:1:    layout_caves, uniq_jorgrun
Orc:2:    st_orc_congregation, layout_diamond_mine

Skill      XL: |  1  2  3  4  5  6  7  8  9 10 11 12 |
---------------+-------------------------------------+-----
Unarmed Combat | 1 2 4 6 8 7 |  8.0
Ice Magic      | 4 5 6 8 9 11 | 11.4
Spellcasting   | 3 4 5 6 7 |  7.2
Stealth        | 3 6 8 |  8.0
Dodging        | 3 4 6 8 7 |  8.0
Fighting       | 2 4 6 5 |  6.0
Conjurations   | 4 7 8 9 11 | 11.4
Hexes          | 2 6 |  6.0
Translocations | 2 6 |  6.0

Action                   |  1- 3 |  4- 6 |  7- 9 | 10-12 || total
-------------------------+-------+-------+-------+-------++-------
Melee: Unarmed           |    22 |   147 |   328 |   543 ||  1040
       Bite              |     2 |    15 |    34 |    66 ||   117
       Punch             |       |     4 |     4 |     9 ||    17
 Cast: Freeze            |    60 |    26 |    39 |    40 ||   165
       Frozen Ramparts   |     6 |     7 |    20 |    58 ||    91
       Ozocubu's Armour  |       |     9 |    35 |    71 ||   115
       Hailstorm         |       |       |    16 |   119 ||   135
       Iskenderun's Myst |       |       |       |    56 ||    56
       Tukima's Dance    |       |       |       |     6 ||     6
       Dazzling Flash    |       |       |       |     6 ||     6
Invok: Sacrifice Artific |       |       |     1 |       ||     1
       Draw Out Power    |       |       |       |    14 ||    14
       Sacrifice Arcana  |       |       |       |     1 ||     1
       Power Leap        |       |       |       |     1 ||     1
       Sacrifice an Eye  |       |       |       |     1 ||     1
       Reject Sacrifices |       |       |       |     1 ||     1
Evoke: Wand              |       |    12 |     7 |       ||    19
  Use: Scroll            |     3 |     1 |    12 |    11 ||    27
       Potion            |       |       |     1 |     9 ||    10
 Stab: Sleeping          |     7 |     7 |    20 |    22 ||    56
       Invisible         |       |       |       |     3 ||     3
       Distracted        |       |       |       |     2 ||     2
       Petrified         |       |       |       |     1 ||     1
Armor: Skin              |     5 |    27 |    62 |   123 ||   217
Dodge: Dodged            |    46 |   117 |   285 |   486 ||   934

Table legend: (Time is in decaauts)
 A = Elapsed time spent in this place.
 B = Non-inter-level travel time spent in this place.
 C = Inter-level travel time spent in this place.
 D = Time resting spent in this place.
 E = Time spent auto-exploring this place.
 F = Levels seen in this place.
 G = Mean time per level.
                   A        B        C        D        E       F      G
               +--------+--------+--------+--------+--------+-----+--------+
         Total |  24318 |  22711 |   1607 |   6332 |  12154 |  22 | 1105.4 |
       Dungeon |  14469 |  13202 |   1267 |   3302 |   7411 |  11 | 1315.4 |
        Temple |    204 |    167 |     37 |      0 |    156 |   1 |  204.0 |
          Lair |   5854 |   5579 |    275 |    859 |   3940 |   6 |  975.7 |
  Orcish Mines |    578 |    551 |     27 |      0 |    469 |   2 |  289.0 |
       Ossuary |    935 |    935 |      0 |    399 |     99 |   1 |  935.0 |
      Ice Cave |   2275 |   2275 |      0 |   1770 |     76 |   1 | 2275.0 |
               +--------+--------+--------+--------+--------+-----+--------+

Top non-repeatable levels by time:
    D:10: 2750 daAuts
   IceCv: 2275 daAuts
    D:11: 1742 daAuts
  Lair:4: 1645 daAuts
  Lair:5: 1594 daAuts
     D:3: 1494 daAuts
     D:6: 1416 daAuts
     D:9: 1403 daAuts
     D:7: 1268 daAuts
     D:4: 1185 daAuts
 Ossuary: 935 daAuts
  Lair:3: 892 daAuts
  Lair:1: 890 daAuts
     D:1: 872 daAuts
     D:5: 863 daAuts
